Map: 애씨드 플랜트 - 래더

Players

Elazer

  • Race: Zerg Zerg
  • Spawn Location: 11:00

Creator - Winner!

  • Race: Protoss Protoss
  • League: Master
  • Spawn Location: 5:00

Event: HomeStory Cup XVIII

VOD

Have the link to the VOD?

Description

Time

  • Played on: Nov. 22, 2018, 4:25 p.m.
  • Length: 8:49

All games in this series

Show
View Real Time Build Order
Export as new Build Order

Elazer Zerg 

Build Orders: Hatch First 

Get SALT Encoding   

  12  0:00  Drone  
  13  0:12  Overlord  
  13  0:17  Drone  
  14  0:30  Drone x2  
  16  0:48  Hatchery  
  15  0:51  Drone  
  15  0:55  Drone  
  17  0:59  Drone  
  18  1:09  Extractor  
  17  1:14  Spawning Pool  
  17  1:17  Drone  
  17  1:19  Drone  
  18  1:29  Drone  
  19  1:42  Drone  
  20  1:51  Overlord  
  20  2:01  Queen x2  
  20  2:02  Zergling x4  
  26  2:11  Drone x2  
  28  2:22  Drone x2  
  30  2:32  Drone  
  31  2:41  Hatchery  
  30  2:44  Queen  
  30  2:47  Drone  
  30  2:51  Overlord  
  33  2:54  Drone  
  33  2:55  Drone  
  35  3:00  Drone  
  35  3:12  Drone x3  
  38  3:15  Overlord  
  38  3:16  Drone x3  
  38  3:17  Drone  
  42  3:22  Overlord  
  42  3:23  Drone  
  42  3:27  Lair  
  43  3:34  Queen  
  43  3:36  Drone, Spore Crawler  
  43  3:37  Drone  
  43  3:41  Extractor  
  45  3:42  Roach Warren  
  45  3:45  Drone x2  
  46  3:50  Drone x3  
  46  3:53  Extractor  
  46  3:55  Drone x2  
  50  3:57  Drone  
  50  4:00  Drone x2  
  53  4:05  Drone  
  53  4:07  Drone  
  53  4:09  Overlord  
  55  4:24  Overseer  
  55  4:25  Roach  
  55  4:26  Roach x4  
  55  4:27  Overseer  
  65  4:32  Overlord  
  65  4:33  Roach x2  
  69  4:39  Overlord  
  69  4:40  Roach x2  
  73  4:49  Overlord  
  73  4:56  Roach x4  
  73  4:59  Extractor  
  80  5:01  Overlord  
  80  5:02  Drone  
  80  5:04  Overseer, Overlord  
  81  5:09  Roach x4  
  89  5:19  Overlord  
  89  5:20  Drone x4  
  93  5:27  Drone x3  
  96  5:33  Drone x2, Glial Reconstitution  
  98  5:37  Overlord  
  98  5:39  Extractor, Drone x6  
  98  5:42  Overlord  
  103  5:53  Overlord  
  103  5:55  Evolution Chamber  
  99  5:57  Drone x7  
  99  6:02  Hydralisk Den  
  105  6:08  Overlord  
  105  6:12  Roach x3  
  105  6:14  Extractor, Drone  
  105  6:15  Drone x3  
  114  6:21  Overlord  
  114  6:25  Zerg Missile Weapons Level 1  
  113  6:32  Drone x3, Grooved Spines  
  111  6:36  Hydralisk  
  111  6:37  Hydralisk x2  
  117  6:43  Drone x2  
  117  6:44  Drone x2  
  121  6:49  Overlord  
  121  6:52  Drone x3  
  124  7:00  Drone  
  125  7:04  Hydralisk x2  
  129  7:08  Hatchery  
  129  7:12  Hydralisk  
  129  7:13  Hydralisk x3  
  136  7:24  Drone x8  
  136  7:26  Pneumatized Carapace  
  136  7:27  Overlord  
  144  7:30  Hydralisk  
  144  7:35  Overlord x2  
  146  7:39  Lurker Den  
  146  7:43  Drone  
  145  7:46  Overlord  
  145  7:48  Roach x4  
  141  7:59  Hydralisk x7  
  139  8:06  Hydralisk x3  
  141  8:14  Hydralisk  
  141  8:15  Hydralisk x3  
  118  8:29  Overlord  
Show
View Real Time Build Order
Export as new Build Order

Creator Protoss - Winner!

Build Orders: 1 Gate Expand, Archon Immortal, Archon Drop, Dark Templar Rush 

Get SALT Encoding   

  12  0:00  Probe  
  13  0:12  Probe  
  14  0:20  Pylon  
  14  0:24  Probe  
  15  0:34  Probe  
  15  0:42  Probe  
  16  0:44  Gateway  
  16  0:47  Assimilator  
  17  0:52  Probe  
  18  1:04  Probe  
  19  1:17  Probe  
  20  1:25  Nexus  
  20  1:34  Cybernetics Core  
  20  1:37  Probe  
  21  1:44  Assimilator  
  21  1:49  Probe  
  21  1:53  Pylon  
  22  2:01  Probe  
  22  2:02  Adept  
  23  2:13  Probe  
  26  2:19  Twilight Council  
  26  2:25  Probe  
  26  2:28  Stalker  
  29  2:33  Warp Gate  
  29  2:34  Probe x2  
  29  2:42  Probe x2  
  33  2:52  Probe x2  
  35  3:01  Robotics Facility  
  35  3:05  Probe x2  
  37  3:16  Probe  
  37  3:17  Probe  
  37  3:18  Dark Shrine  
  39  3:25  Probe  
  39  3:28  Gateway  
  39  3:29  Probe  
  39  3:33  Probe  
  41  3:40  Gateway x2  
  42  3:41  Warp Prism  
  42  3:46  Probe  
  42  3:48  Pylon  
  45  3:56  Assimilator  
  45  3:58  Assimilator  
  45  3:59  Probe  
  45  4:02  Pylon  
  46  4:06  Probe  
  46  4:07  Warp Prism  
  46  4:08  Pylon  
  47  4:11  Probe  
  48  4:19  Probe  
  48  4:23  Probe  
  52  4:31  Probe  
  53  4:46  Dark Templar  
  53  4:47  Dark Templar x3  
  61  4:53  Pylon  
  61  5:04  Archon  
  61  5:05  Archon  
  61  5:09  Immortal  
  61  5:13  Probe x2  
  67  5:14  Pylon  
  67  5:20  Dark Templar x3  
  73  5:25  Pylon  
  73  5:34  Probe x2  
  74  5:40  Immortal  
  74  5:41  Dark Templar  
  76  5:45  Shield Battery  
  76  5:48  Nexus, Archon  
  76  5:49  Archon  
  80  5:50  Shield Battery  
  80  6:00  Probe x2  
  80  6:02  Charge  
  82  6:11  Sentry  
  82  6:12  Gateway, Zealot, Sentry, Probe x2  
  82  6:13  Gateway  
  90  6:19  Pylon  
  90  6:22  Immortal  
  94  6:35  Gateway x2, Probe x2  
  94  6:37  Pylon  
  94  6:39  Sentry  
  88  6:48  Probe x2  
  88  6:50  Sentry  
  88  6:51  Zealot  
  94  6:56  Forge  
  94  7:00  Probe x2  
  94  7:01  Probe  
  97  7:09  Probe  
  97  7:10  Dark Templar x2, Zealot x2, Probe  
  97  7:13  Probe  
  108  7:17  Archon  
  108  7:19  Zealot  
  108  7:21  Pylon  
  110  7:23  Probe x2  
  110  7:26  Immortal  
  110  7:27  Probe  
  110  7:29  Assimilator  
  117  7:31  Assimilator  
  117  7:35  Probe  
  118  7:38  Zealot  
  118  7:39  Zealot  
  118  7:44  Dark Templar x2  
  124  7:50  Zealot  
  124  7:59  Zealot x3  
  124  8:03  Zealot x2  
  132  8:05  Immortal  
  130  8:21  Zealot x3  
  130  8:22  Zealot x2  
  130  8:23  Zealot  
  130  8:25  Pylon  
  126  8:28  Zealot  
  126  8:30  Zealot  
  118  8:35  Probe x3  
  113  8:42  Archon  
  113  8:45  Zealot x3  
  113  8:46  Zealot x4  
Tags
 
Add a new tag
Caveats
  • Supply blocks, unpowered buildings, or Contaminate may cause inaccurate times.
  • Supply counts are checked every 10 seconds.